 Dungeon Crawl Stone Soup version 0.30-a0-272-gf98c3da03f (webtiles) character file.

Game seed: 1504900623503800011

3 lunkers the Shield-Bearer (level 1, 0/14 HPs)
             Began as a Meteoran Wanderer on Oct 16, 2022.
             Killed from afar by a dart slug (3 damage)
             ... with a slug dart
             ... on level 1 of the Dungeon.
             The game lasted 00:00:18 (57 turns).

lunkers the Shield-Bearer (Meteoran Wanderer)         Turns: 57, Time: 00:00:18

Health: 0/14       AC:  2    Str: 10    XL:     1   Next: 71%
Magic:  2/2        EV: 10    Int: 11    God:
Gold:   11         SH:  8    Dex: 18    Spells: 0/0 levels left

rFire   . . .      SeeInvis .    a - +0 short sword
rCold   . . .      Faith    .    b - +2 buckler
rNeg    . . .      Spirit   .    e - +0 robe
rPois   .          Reflect  .    (no helmet)
rElec   .          Harm     .    (no cloak)
rCorr   .          Rampage  .    (no gloves)
Will    .....                    (no boots)
Stlth   +.........               (no amulet)
HPRegen 0.22/turn                (no ring)
MPRegen 0.08/turn                (no ring)

@: glowing
A: sense surroundings 1, otherworldly, glowing, explore regen
a: no special abilities


You were on level 1 of the Dungeon.
You visited 1 branch of the dungeon, and saw 1 of its levels.

You collected 11 gold pieces.

Inventory:

Hand Weapons
 a - a +0 short sword (weapon)
Armour
 b - a +2 buckler (worn)
 e - a +0 robe (worn)
Potions
 d - a potion of haste
Miscellaneous
 c - a piece from Xom's chessboard (15/15)


   Skills:
 + Level 1.7 Short Blades
 - Level 1.2 Throwing
 - Level 1.2 Armour
 - Level 4.8 Shields
 - Level 3.6 Evocations


You couldn't memorise any spells.
You didn't know any spells.
Your spell library was empty.

Dungeon Overview and Level Annotations

Branches:
Dungeon (1/15) Zot: 538

Altars:


Innate Abilities, Weirdness & Mutations

You passively map a small area around you.
You are easily found by Zot.
You glow in the dark.
You regain HP and MP as you explore.


Message History

The endoplasm is heavily wounded.
The endoplasm hits you but does no damage.
You hit the endoplasm.
You kill the endoplasm!
Things that are here:
a +0 dagger; a kobold corpse
Found a quarterstaff.
You now have 11 gold pieces.
Found a stone staircase leading down.
You are too injured to fight recklessly!
Found a robe.
You are too injured to fight recklessly!
You are too injured to fight recklessly!
You are too injured to fight recklessly!
A dart slug comes into view.
Found a stone staircase leading down.
The dart slug launches a dart at you. The slug dart hits you.
* * * LOW HITPOINT WARNING * * *
The dart slug launches a dart at you. The slug dart hits you.
* * * LOW HITPOINT WARNING * * *
There is a stone staircase leading down here.
A hobgoblin comes into view.
The hobgoblin shouts!
The dart slug launches a dart at you. The slug dart hits you.
* * * LOW HITPOINT WARNING * * *
A ball python comes into view.
Found a large bone ring and a pair of boots.
The ball python hisses angrily.
You hit the dart slug.
The dart slug is lightly wounded.
The dart slug bites you.
* * * LOW HITPOINT WARNING * * *
You hit the dart slug.
The dart slug is moderately wounded.
The dart slug launches a dart at you. The slug dart hits you.
You die...

* #........... * ,
.[....#..#####...*
* .###..#..# * *
...#.#..# , ,
##...#.$# ,
.###.#.#..#
....#...>.#
..........# *
,####g.@.## *
...S..#w....... ,
=####...>..#### ,
, ##.###.# * #. .#
* , .. .# ,, ..# #
* * #[* * * ,*


You could see a dart slug, a hobgoblin and a ball python.

Vanquished Creatures
  An endoplasm (D:1)
  A bat (D:1)
  A frilled lizard (D:1)
  A kobold (D:1)
4 creatures vanquished.

Notes
Turn   | Place    | Note
-------+----------+-------------------------------------------
     0 | D:1      | lunkers the Meteoran Wanderer began the quest for the Orb.
     0 | D:1      | lunkers set off with the following items: a +0 short sword,
                  | a +2 buckler, a piece from Xom's chessboard (15/15), a
                  | potion of haste, a +0 robe.
     0 | D:1      | Reached XP level 1. HP: 14/14 MP: 2/2
    57 | D:1      | Killed from afar by a dart slug

Illustrated notes

Levels and vault maps discovered:
D:1:      ncdulo_wetmaze, layout_loops_ring

Action                   || total
-------------------------++-------
Melee: Short sword       ||    20
Armor: Robe              ||     2
Dodge: Dodged            ||     3
Block: Buckler           ||     2

Table legend: (Time is in decaauts)
 A = Elapsed time spent in this place.
 B = Non-inter-level travel time spent in this place.
 C = Inter-level travel time spent in this place.
 D = Time resting spent in this place.
 E = Time spent auto-exploring this place.
 F = Levels seen in this place.
 G = Mean time per level.
                   A        B        C        D        E       F      G
               +--------+--------+--------+--------+--------+-----+--------+
         Total |     60 |     60 |      0 |      0 |     28 |   1 |   60.0 |
       Dungeon |     60 |     60 |      0 |      0 |     28 |   1 |   60.0 |
               +--------+--------+--------+--------+--------+-----+--------+

Top non-repeatable levels by time:
     D:1: 60 daAuts
